 Dungeon Crawl Stone Soup version 0.30-a0-824-g6c64550be9 (webtiles) character file.

Game seed: 17525092767004395394

55827 demibob the Shatterer (level 14, -9/205 HPs)
             Began as a Troll Berserker on Feb 28, 2023.
             Was a High Priest of Trog.
             Mangled by a sun demon (12 damage)
             ... summoned by an orc high priest
             ... on level 2 of the Orcish Mines.
             The game lasted 00:33:25 (18311 turns).

demibob the Shatterer (Troll Berserker)            Turns: 18311, Time: 00:33:26

Health: -9/205     AC:  9    Str: 28    XL:     14   Next: 39%
Magic:  13/13      EV: 14    Int:  7    God:    Trog [*****.]
Gold:   1940       SH:  0    Dex:  9    Spells: 13/13 levels left

rFire   . . .      SeeInvis .    a - +4 giant spiked club (elec)
rCold   . . .      Faith    +    (shield currently unavailable)
rNeg    . . .      Spirit   .    z - +1 acid dragon scales
rPois   +          Reflect  .    (helmet restricted)
rElec   .          Harm     .    (no cloak)
rCorr   +          Rampage  .    (gloves unavailable)
Will    +....                    (boots unavailable) Stlth
                                 o - amulet of faith {!P}
HPRegen 1.34/turn                P - ring of poison resistance
MPRegen 0.13/turn                E - +5 ring of evasion

@: berserking, studying Long Blades, very quick
A: large, unfitting armour, claws 3, regeneration 1, shaggy fur 1, tough skin 1
a: Renounce Religion, Berserk, Trog's Hand, Brothers in Arms


You were on level 2 of the Orcish Mines.
You worshipped Trog.
Trog was extremely pleased with you.
You visited 3 branches of the dungeon, and saw 19 of its levels.
You also visited: Sewer.

You collected 2050 gold pieces.
You spent 110 gold pieces at shops.


Innate Abilities, Weirdness & Mutations

You are too large for most types of armour.
You have claws for hands.
Your natural rate of healing is unusually fast.
You are covered in fur. (AC +1)
You have tough skin. (AC +1)


   Skills:
 - Level 8.8 Fighting
 + Level 21.1 Maces & Flails
 - Level 2.4 Dodging


You had 13 spell levels left.
You didn't know any spells.
Your spell library was empty.

Inventory:

Hand Weapons
 a - a +4 giant spiked club of electrocution (weapon)
 b - a +6 antimagic giant spiked club
 y - the +1 mace of Upheaval {venom, rC++ SInv}
   (You found it on level 5 of the Dungeon)

   rC:        It greatly protects you from cold.
   SInv:      It lets you see invisible.
Missiles
 g - 2 throwing nets {=f}
 I - 5 large rocks {=f}
Armour
 z - +1 acid dragon scales (worn)
Jewellery
 f - a ring of protection from fire
 o - an amulet of faith (around neck) {!P}
 C - a ring of ice
 E - a +5 ring of evasion (right claw)
 F - a ring of protection from fire
 L - a ring of flight
 P - a ring of poison resistance (left claw)
 W - a ring of willpower
Wands
 h - a wand of charming (13)
 p - a wand of flame (23)
 t - a wand of mindburst (5)
 u - a wand of digging (8)
 w - a wand of polymorph (3)
 x - a wand of light (4)
Scrolls
 d - 3 scrolls of enchant weapon
 j - 9 scrolls of teleportation {@r2}
 n - 7 scrolls of magic mapping
 A - a scroll of identify {@r1}
 G - a scroll of fog
Potions
 c - a potion of haste {@q3}
 e - 5 potions of curing {@q1}
 i - 2 potions of berserk rage {!q}
 k - 5 potions of flight
 q - 2 potions of resistance
 v - 3 potions of mutation
 B - a potion of might

Dungeon Overview and Level Annotations

Branches:
Dungeon (12/15)            Temple (0/1) D:5            Lair (5/5) D:10
 Shoals (0/4) Lair:2       Spider (0/4) Lair:2        Slime (0/5) Lair:5
    Orc (2/2) D:10            Elf (0/3) Orc:2         Sewer (visited)

Altars:
Ashenzari
Cheibriados
Elyvilon
Okawaru
Ru
Sif Muna
Trog
Uskayaw
Vehumet
Wu Jian
The Shining One

Shops:
D:1 !   D:6 *   D:12 *

Annotations:
D:6 2 runed translucent doors, bchevrier's ghost, novice GnWn
D:10 4 transporters, 3 runed translucent doors, jasper's ghost, journeyman TeFi
Lair:4 exclusion: 2 oklob plants
Lair:5 2 transporters, patfeehan111222's ghost, journeyman MiBe

.###.##..##### .#........##.##
.....##.......##
...#####.......## *** ....#*
##.#.#...# **,***
.....#*#...##...#### *,,,,**
......##...#...).#.###*,,,,,**
..........###........#..,*,,,****
#...#.#...##.#.4@.......**,,,,,*,
##.#####.##....33o#.....***,,,,,,
*** ###.#...oo.......**,,,,,*, *
*#...........##..,*,,,*,** *
*............#**,*,,,,,,,* *
***▒.#▒.....▒..▒***,,,,,,,,,
*∩,▒▒*▒8...8▒▒▒▒,∩*,,,,,,,,, ###
*,,,**▒.....▒**,,,*,,,,,,,,, #.##
**,,,**,,,,,**,,,**,,,,,,,,,


You could see an orc high priest, a sun demon (summoned), a sixfirhy (summoned),
a chaos spawn (summoned), an orc warrior and an orc priest.


Message History

You miss the sun demon.
The sun demon is almost dead.
The sixfirhy misses you. The sixfirhy hits you. The sixfirhy shocks you!
The sun demon hits you.
You are engulfed in flames!
* * * LOW HITPOINT WARNING * * *
The sixfirhy closely misses you. The chaos spawn hits you.
* * * LOW HITPOINT WARNING * * *
You are engulfed in flames.
* * * LOW HITPOINT WARNING * * *
You are too injured to fight recklessly!
The chaos spawn attacks as you move away!
The chaos spawn gores you.
* * * LOW HITPOINT WARNING * * *
The chaos spawn draws strength from your injuries!
The sixfirhy completely misses you. The sixfirhy closely misses you.
The sun demon hits you!!
* * * LOW HITPOINT WARNING * * *
You are engulfed in flames!
* * * LOW HITPOINT WARNING * * *
The orc warrior barely misses you.
The orc high priest invokes the aid of Beogh against you.
Pain shoots through your body!
* * * LOW HITPOINT WARNING * * *
Okay, then.
Use which ability? (? or * to list)
A red film seems to cover your vision as you go berserk!
You feel yourself moving faster!
You feel mighty! The sun demon hits you!!
* * * LOW HITPOINT WARNING * * *
You are engulfed in flames!
You die...

Skill      XL: |  1  2  3  4  5  6  7  8  9 10 11 12 13 14 |
---------------+-------------------------------------------+-----
Maces & Flails | 3 4 5 6 7 9 11 13 15 17 18 20 21 | 21.1
Fighting       | 6 8 |  8.8
Dodging        | |  2.4

Action                     |  1- 3 |  4- 6 |  7- 9 | 10-12 | 13-15 || total
---------------------------+-------+-------+-------+-------+-------++-------
  Melee: Mace              |   101 |   177 |       |       |       ||   278
         Punch             |       |     1 |       |       |       ||     1
         Dire flail        |       |       |   405 |   898 |    56 ||  1359
         Great mace        |       |       |       |    14 |       ||    14
         Giant spiked club |       |       |       |       |   533 ||   533
 Invoke: Berserk           |     1 |     4 |     2 |     2 |     9 ||    18
         Brothers in Arms  |       |       |       |     1 |     1 ||     2
         Trog's Hand       |       |       |       |       |     5 ||     5
  Evoke: Wand              |       |       |     1 |     3 |    16 ||    20
    Use: Scroll            |     3 |     4 |       |    12 |     9 ||    28
         Potion            |       |     1 |     1 |     2 |     8 ||    12
   Stab: Sleeping          |     1 |     1 |     1 |       |       ||     3
         Petrified         |       |       |       |     1 |       ||     1
 Armour: Animal skin       |    41 |    83 |    88 |    61 |       ||   273
         Acid dragon scale |       |       |       |   185 |   130 ||   315
  Dodge: Dodged            |    61 |   140 |   255 |   491 |   390 ||  1337

Levels and vault maps discovered:
D:1:      dpeg_arrival_snail, layout_basic, serial_shops, nicolae_shop_trees
D:2:      layout_basic
D:3:      minmay_evil_eye, layout_loops_corners, portal_sewer_entry_b,
          minmay_joined_circles
D:4:      layout_loops_cross, serial_co_window_serial, co_window_cross_1,
          co_window_paths_b, co_window_corner_a, co_window_corner_a,
          co_window_paths_a, co_window_paths_a, co_window_corner_b,
          co_window_corner_ca, co_window_broadway_b, co_window_of_opportunity_b,
          co_window_corner_b, co_window_2corner, co_window_paths_d,
          glass_columns_b, glass_columns_b, glass_columns_c, glass_columns_b,
          minmay_manual_monstrance, uniq_blork_the_orc, uniq_robin,
          uniq_duvessa, uniq_edmund
D:5:      kennysheep_kobold_camp, layout_loops_cross,
          minmay_temple_entry_drinking_statues, minmay_fractal_squares_5,
          uniq_grinder
D:6:      layout_basic, ebering_ghost_sewer_f, nicolae_alphabet_shops
D:7:      nzn_winding_woodlands_three_and_one
          [nzn_winding_woodlands_5x15_river_crossing,
          nzn_winding_woodlands_5x15_parted,
          nzn_winding_woodlands_5x15_longhouse,
          nzn_winding_woodlands_center_diamonds], layout_loops_ring,
          kennysheep_little_box, chequers_temple_overflow_minitemple
D:8:      layout_basic, lemuel_round_altar
D:9:      layout_irregular_city, minmay_gold_behind_fungi, st_stairs_12,
          uniq_erica
D:10:     layout_long_grid, mainiacjoe_overflow_concentric_impassable,
          old_standard_altar, grunt_ashenzari_visionary
          [grunt_ashenzari_visionary_shoals, grunt_ashenzari_visionary_spider],
          nicolae_ru_awakened_eye, okawaru_altar_gauntlet_db,
          minmay_lair_entry_grove, david_orc_4, gammafunk_ghost_spectres,
          nicolae_transporter_circle
D:11:     layout_roguey
D:12:     layout_irregular_city, serial_ice, serial_ice_e, serial_ice_i,
          serial_ice_g, serial_ice_d, serial_ice_h, serial_ice_a, serial_ice_c,
          serial_ice_n, serial_ice_b, serial_ice_o, nicolae_island_escapes
Lair:1:   layout_cave_pods, lemuel_fruit_tree, uniq_fannar
Lair:2:   layout_cave_pods, minmay_shoals_entry_hut, spider_nest_entry_webs,
          serial_bayou_pond_e, lemuel_old_faithful
Lair:3:   layout_gridlike
Lair:4:   layout_layer_cave, wad_woods_river_01, infiniplex_staircase_pool_2
Lair:5:   minmay_lair_end_frog_pond, layout_long_grid,
          nicolae_slime_entry_field_trip, gammafunk_ghost_wrathful_warriors,
          uniq_snorg
Orc:1:    layout_diamond_mine
Orc:2:    grunt_orc_cross, layout_caves, kennysheep_orc_sif_temple

Notes
Turn   | Place    | Note
-------+----------+-------------------------------------------
     0 | D:1      | demibob the Troll Berserker began the quest for the Orb.
     0 | D:1      | Reached XP level 1. HP: 22/22 MP: 0/0
   120 | D:1      | Reached skill level 3 in Maces & Flails
   169 | D:1      | Reached XP level 2. HP: 29/29 MP: 1/1
   175 | D:1      | Found Voah's Distillery.
   634 | D:2      | Reached XP level 3. HP: 36/36 MP: 2/2
   636 | D:2      | Reached skill level 4 in Maces & Flails
   730 | D:2      | Reached ** piety under Trog
  1314 | D:3      | Found a glowing drain.
  1325 | D:3      | Reached XP level 4. HP: 44/44 MP: 3/3
  1347 | Sewer    | Entered a sewer
  1390 | Sewer    | Noticed Pargi
  1404 | Sewer    | Killed Pargi
  1405 | Sewer    | Reached skill level 5 in Maces & Flails
  1405 | Sewer    | Reached XP level 5. HP: 50/50 MP: 4/4
  1541 | D:3      | Reached skill level 6 in Maces & Flails
  1617 | D:3      | Reached XP level 6. HP: 57/59 MP: 5/5
  2145 | D:3      | Reached *** piety under Trog
  2423 | D:4      | Noticed Dowan
  2423 | D:4      | Noticed Duvessa
  2429 | D:4      | Killed Dowan
  2436 | D:4      | Killed Duvessa
  2437 | D:4      | Reached skill level 7 in Maces & Flails
  2445 | D:4      | Noticed Blork the orc
  2457 | D:4      | Killed Blork the orc
  2458 | D:4      | Reached XP level 7. HP: 44/66 MP: 6/6
  2582 | D:4      | Noticed Edmund
  2591 | D:4      | Killed Edmund
  2659 | D:4      | Identified the +9 great sword "Conservator" {freeze, Will++
                  | Str-4}
  2827 | D:4      | Noticed Robin
  2848 | D:4      | Reached skill level 8 in Maces & Flails
  2867 | D:4      | Killed Robin
  3296 | D:5      | Entered Level 5 of the Dungeon
  3316 | D:5      | Reached skill level 9 in Maces & Flails
  3316 | D:5      | Reached XP level 8. HP: 61/74 MP: 7/7
  3341 | D:5      | Identified the +1 mace of Upheaval {venom, rC++ SInv}
  3347 | D:5      | Found a staircase to the Ecumenical Temple.
  3388 | D:5      | Reached **** piety under Trog
  3530 | D:5      | Reached skill level 10 in Maces & Flails
  3808 | D:5      | Noticed Grinder
  3821 | D:5      | Killed Grinder
  4244 | D:6      | Found a runed translucent door.
  4253 | D:6      | Reached skill level 11 in Maces & Flails
  4312 | D:6      | Found a runed translucent door.
  4312 | D:6      | Noticed bchevrier's ghost (novice GnWn)
  4332 | D:6      | Reached XP level 9. HP: 72/80 MP: 8/8
  4475 | D:6      | Found Recwer's Retail Resort.
  4485 | D:6      | Reached ***** piety under Trog
  4513 | D:6      | Bought a potion of resistance for 110 gold pieces
  5063 | D:7      | Reached skill level 12 in Maces & Flails
  5145 | D:7      | Found a faded altar of an unknown god.
  5145 | D:7      | Found a faded altar of an unknown god.
  5179 | D:7      | Found an ornate altar of the Wu Jian Council.
  5181 | D:7      | Found a radiant altar of Vehumet.
  5183 | D:7      | Found a glowing golden altar of the Shining One.
  5481 | D:7      | Reached skill level 13 in Maces & Flails
  5606 | D:7      | Found a white marble altar of Elyvilon.
  5730 | D:7      | Noticed a gargoyle
  5738 | D:7      | Killed a gargoyle
  5739 | D:7      | Noticed a cyan ugly thing
  5746 | D:7      | Killed a cyan ugly thing
  5747 | D:7      | Reached XP level 10. HP: 61/88 MP: 9/9
  5940 | D:8      | Found a snail-covered altar of Cheibriados.
  6512 | D:8      | Reached skill level 14 in Maces & Flails
  6914 | D:9      | Noticed Erica
  6933 | D:9      | Killed Erica
  7048 | D:9      | Received a gift from Trog
  7059 | D:9      | Reached skill level 15 in Maces & Flails
  7791 | D:10     | Entered Level 10 of the Dungeon
  7798 | D:10     | Reached XP level 11. HP: 91/94 MP: 10/10
  7841 | D:10     | Found a hide-covered altar of Uskayaw.
  7855 | D:10     | Found a sacrificial altar of Ru.
  8114 | D:10     | Found a transporter.
  8118 | D:10     | Found a transporter.
  8165 | D:10     | Reached skill level 16 in Maces & Flails
  8174 | D:10     | Found a staircase to the Lair.
  8311 | D:10     | Found a runed translucent gate.
  8312 | D:10     | Found a runed translucent gate.
  8314 | D:10     | Found a runed translucent gate.
  8368 | D:10     | Reached ****** piety under Trog
  8382 | D:10     | Received a gift from Trog
  8517 | D:10     | Found a broken altar of Ashenzari.
  8521 | D:10     | Saw a vision of the Shoals and the Spider Nest.
  8521 | D:10     | Noticed a steelbarb worm
  8521 | D:10     | Noticed a wolf spider
  8521 | D:10     | Noticed a sea snake
  8521 | D:10     | Noticed a merfolk aquamancer
  8521 | D:10     | Noticed a merfolk aquamancer
  8521 | D:10     | Noticed a wolf spider
  8523 | D:10     | Noticed an entropy weaver
  8524 | D:10     | Noticed a steelbarb worm
  8577 | D:10     | Found a bloodstained altar of Trog.
  8593 | D:10     | Found a transporter.
  8595 | D:10     | Found a transporter.
  8741 | D:10     | Found a staircase to the Orcish Mines.
  8832 | D:10     | Found an iron altar of Okawaru.
  8891 | D:10     | Noticed jasper's ghost (journeyman TeFi)
  8935 | Lair:1   | Entered Level 1 of the Lair of Beasts
  9104 | Lair:1   | Reached skill level 17 in Maces & Flails
  9149 | Lair:1   | Noticed Fannar
  9170 | Lair:1   | Killed Fannar
  9357 | Lair:1   | Noticed a catoblepas
  9383 | Lair:1   | Killed a catoblepas
 10060 | Lair:2   | Reached XP level 12. HP: 104/104 MP: 11/11
 10085 | Lair:2   | Found a hole to the Spider Nest.
 10116 | Lair:2   | Reached skill level 3 in Fighting
 10162 | Lair:2   | Noticed a catoblepas
 10169 | Lair:2   | Killed a catoblepas
 10184 | Lair:2   | Reached skill level 4 in Fighting
 10187 | Lair:2   | Reached skill level 18 in Maces & Flails
 10323 | Lair:2   | Found a staircase to the Shoals.
 10492 | Lair:2   | You fall into a shaft and drop 1 floor!
 10492 | Lair:3   | Noticed a four-headed hydra
 10499 | Lair:3   | Killed a four-headed hydra
 10710 | Lair:2   | Received a gift from Trog
 10711 | Lair:2   | Reached skill level 5 in Fighting
 11097 | Lair:3   | Noticed a death yak
 11097 | Lair:3   | Noticed a death yak
 11097 | Lair:3   | Noticed a death yak
 11296 | D:11     | You fall into a shaft and drop 1 floor!
 11322 | D:12     | Found Gyxtoj's Island Escapes.
 11338 | D:12     | Noticed a two-headed ogre
 11355 | D:12     | Killed a two-headed ogre
 11536 | D:12     | Reached skill level 6 in Fighting
 12578 | D:12     | Reached XP level 13. HP: 107/123 MP: 12/12
 12757 | Lair:2   | Reached skill level 7 in Fighting
 13030 | Lair:3   | Received a gift from Trog
 13031 | Lair:3   | Reached skill level 19 in Maces & Flails
 13941 | Lair:4   | Reached skill level 8 in Fighting
 15224 | Lair:5   | Entered Level 5 of the Lair of Beasts
 15279 | Lair:5   | Noticed patfeehan111222's ghost (journeyman MiBe)
 15304 | Lair:5   | Found a transporter.
 15307 | Lair:5   | Found a transporter.
 15309 | Lair:5   | Found a bloodstained altar of Trog.
 15484 | Lair:5   | HP: 16/195 [skyshark (14)]
 15485 | Lair:5   | HP: 4/195 [skyshark (13)]
 15594 | Lair:5   | Found a staircase to the Slime Pits.
 15722 | Lair:5   | Reached skill level 20 in Maces & Flails
 15724 | Lair:5   | Noticed Snorg
 15751 | Lair:5   | Killed Snorg
 15884 | Lair:5   | Reached XP level 14. HP: 107/137 MP: 13/13
 16190 | Lair:5   | Received a gift from Trog
 16896 | Orc:1    | Entered Level 1 of the Orcish Mines
 16896 | Orc:1    | Noticed an orc warlord
 17226 | Orc:1    | Identified the +13 lajatang of the Lost Wars {flame, rF+
                  | Dex+2} (Trog gifted it to you on level 1 of the Orcish
                  | Mines)
 17226 | Orc:1    | Received a gift from Trog
 17238 | Orc:1    | Killed an orc warlord
 17244 | Orc:1    | HP: 18/205 [orc/+0 flail (5)]
 17599 | Orc:2    | Entered Level 2 of the Orcish Mines
 17741 | Orc:2    | Found a staircase to the Elven Halls.
 17817 | Orc:2    | Reached skill level 21 in Maces & Flails
 17888 | Orc:2    | Found a shimmering blue altar of Sif Muna.
 18091 | Orc:2    | Noticed an orc warlord
 18225 | Orc:2    | Killed an orc warlord
 18311 | Orc:2    | HP: 3/205 [sun demon[an orc high priest] (20)]
 18311 | Orc:2    | Mangled by a sun demon

Vanquished Creatures
  2 orc warlords
  Snorg (Lair:5)
  Fannar (Lair:1)
  3 hydras
  2 catoblepae
  A two-headed ogre (D:12)
  A boulder beetle (Lair:5)
  Erica (D:9)
  3 death yaks (Lair:3)
  A skyshark (Lair:5)
  A goliath frog (Lair:5)
  A lindwurm (Lair:5)
  2 orc sorcerers (Orc:2)
  An orc knight (Orc:2)
  A deep elf pyromancer (D:12)
  An ugly thing (D:7)
  A cyclops (D:11)
  A manticore (D:11)
  4 elephants (Lair:5)
  A torpor snail (Lair:4)
  3 gargoyles
  21 cane toads
  3 rime drakes
  An unseen horror (D:11)
  5 komodo dragons
  A meliai (D:11)
  2 trolls
  2 tyrant leeches (Lair:5)
  5 polar bears
  29 blink frogs
  A hornet (D:9)
  Grinder (D:5)
  A dream sheep (Lair:4)
  A snapping turtle (Lair:2)
  A shadow (D:10)
  40 yaks
  9 wyverns
  2 wraiths (D:12)
  A vampire (D:11)
  3 basilisks
  2 redbacks (Lair:2)
  8 vampire mosquitoes
  Edmund (D:4)
  2 wargs (Orc:2)
  An acid dragon (D:10)
  Duvessa (D:4)
  11 water moccasins
  Pargi (Sewer)
  25 orc warriors
  4 ice beasts
  A black bear (D:7)
  A sky beast (D:8)
  6 ogres
  A phantom (D:6)
  3 centaurs
  4 kobold brigands
  Blork the orc (D:4)
  17 bullfrogs
  3 gnoll sergeants
  3 necrophages
  19 wights
  2 scorpions
  Dowan (D:4)
  13 killer bees
  5 electric eels
  5 howler monkeys
  2 hounds
  5 jellies
  19 orc priests
  4 gnoll boudas
  4 iguanas (D:5)
  25 orc wizards
  Robin (D:4)
  27 gnolls
  8 adders
  A river rat (D:3)
  3 shadow imps
  2 white imps
  An ufetubus (D:5)
  A dart slug (D:1)
  A worm (D:3)
  92 orcs
  6 endoplasms
  4 giant cockroaches
  20 goblins
  11 hobgoblins
  5 jackals
  35 kobolds
  A quokka (D:5)
  12 ball pythons
  9 bats
  2 frilled lizards (D:3)
  6 rats
610 creatures vanquished.

Vanquished Creatures (collateral kills)
  A catoblepas (Lair:2)
  3 elephants (Lair:2)
  3 yaks (Lair:2)
  A basilisk (Lair:2)
  A water moccasin (Lair:2)
  A bullfrog (Lair:2)
10 creatures vanquished.

Vanquished Creatures (others)
  An orc wizard (Orc:2)
  3 bushes (Lair:5)
  A fire vortex (Lair:3)
  26 fungi
  183 plants
  6 toadstools (D:9)
220 creatures vanquished.

Grand Total: 840 creatures vanquished

Table legend: (Time is in decaauts)
 A = Elapsed time spent in this place.
 B = Non-inter-level travel time spent in this place.
 C = Inter-level travel time spent in this place.
 D = Time resting spent in this place.
 E = Time spent auto-exploring this place.
 F = Levels seen in this place.
 G = Mean time per level.
                   A        B        C        D        E       F      G
               +--------+--------+--------+--------+--------+-----+--------+
         Total |  17910 |  16981 |    929 |   1048 |  12183 |  20 |  895.5 |
       Dungeon |  10456 |   9986 |    470 |    522 |   7323 |  12 |  871.3 |
          Lair |   6318 |   5895 |    423 |    372 |   4468 |   5 | 1263.6 |
  Orcish Mines |   1026 |    990 |     36 |    153 |    378 |   2 |  513.0 |
         Sewer |    108 |    108 |      0 |      0 |     14 |   1 |  108.0 |
               +--------+--------+--------+--------+--------+-----+--------+

Top non-repeatable levels by time:
  Lair:4: 1694 daAuts
    D:10: 1508 daAuts
  Lair:5: 1275 daAuts
  Lair:2: 1244 daAuts
  Lair:1: 1129 daAuts
     D:3: 1101 daAuts
  Lair:3: 975 daAuts
     D:8: 946 daAuts
    D:11: 938 daAuts
     D:7: 937 daAuts
     D:5: 920 daAuts
     D:9: 880 daAuts
     D:4: 879 daAuts
     D:6: 660 daAuts
     D:2: 649 daAuts

Table legend:
 A = Non-vault XP
 B = Vault XP
 C = Vault XP percentage of total XP
 D = Non-vault monster count
 E = Vault monster count
 F = Vault count percentage of total count
                 A         B        C        D         E       F
            +---------+---------+-------+---------+---------+-------
      Total |   53197 |   26557 |  33.3 |     422 |     198 |  31.9
            +---------+---------+-------+---------+---------+-------
        D:1 |      28 |       0 |   0.0 |      16 |       0 |   0.0
        D:2 |      53 |       0 |   0.0 |      17 |       0 |   0.0
        D:3 |     190 |      56 |  22.8 |      25 |      16 |  39.0
        D:4 |     255 |     675 |  72.6 |      19 |      20 |  51.3
        D:5 |     446 |     659 |  59.6 |      10 |      28 |  73.7
        D:6 |     811 |       0 |   0.0 |      16 |       0 |   0.0
        D:7 |    1484 |    1167 |  44.0 |      30 |      11 |  26.8
        D:8 |    1402 |       0 |   0.0 |      24 |       0 |   0.0
        D:9 |    2349 |    1186 |  33.6 |      36 |       3 |   7.7
       D:10 |    2391 |    3191 |  57.2 |      37 |      37 |  50.0
       D:11 |    4099 |     292 |   6.6 |      28 |       1 |   3.4
       D:12 |    2782 |    1363 |  32.9 |       9 |       7 |  43.8
     Lair:1 |    4245 |     868 |  17.0 |      16 |       1 |   5.9
     Lair:2 |    7734 |     605 |   7.3 |      26 |       3 |  10.3
     Lair:3 |    7238 |       0 |   0.0 |      15 |       0 |   0.0
     Lair:4 |    4079 |    1612 |  28.3 |      20 |       6 |  23.1
     Lair:5 |    9494 |   11673 |  55.1 |      28 |      43 |  60.6
      Orc:1 |    2744 |     129 |   4.5 |      40 |       1 |   2.4
      Orc:2 |    1373 |    2938 |  68.2 |      10 |      14 |  58.3
      Sewer |       0 |     143 | 100.0 |       0 |       7 | 100.0
            +---------+---------+-------+---------+---------+-------
